Match 46353726
Unlisted

Match 46353726
End
Construct Weapon Support Center
Selects Airborne Battlegroup
Selects Pathfinders
Engineer Squad
M1919 Machine Gun Team
Bazooka Squad
M1919 Machine Gun Team
Mechanized Support Center
Selects Paratrooper Squad Paradrop
Paratrooper Squad Paradrop
Paratrooper Squad Paradrop
Construct Motor Pool
M24 Chaffee Light Tank
M8 Greyhound Armored Car
M24 Chaffee Light Tank
Selects Anti-tank Gun Team Paradrop
Selects Recon Loiter
Selects Supply Drop
Designate Forward Repair Station
Recon Loiter
Engineer Squad
Selects Dual P-47 Rocket Strike
Recon Loiter
M1919 Machine Gun Team
Paratrooper Squad Paradrop
Construct Tank Depot
Recon Loiter
Recon Loiter
M4A1 Sherman Medium Tank
Improvised Armor
M1 Anti-tank Gun Team
Dual P-47 Rocket Strike
Paratrooper Squad Paradrop
Recon Loiter
Designate Forward Repair Station
srubert83
thicol14
Skeng.Tecnica.International
N7 SHARK
0
0

Comments sign in to comment!

No comments posted yet!